 Dungeon Crawl Stone Soup version 0.31-a0-702-gf82c85558f (webtiles) character file.

Game seed: 11195472680613505614

163 qw the Shooter (level 5, -1/32 HPs)
             Began as a Gargoyle Hunter on Sept 8, 2023.
             Killed from afar by Natasha (8 damage)
             ... with a magic dart
             ... on level 3 of the Dungeon.
             The game lasted 00:00:57 (2088 turns).

qw the Shooter (Gargoyle Hunter)                    Turns: 2088, Time: 00:00:58

Health: -1/32      AC: 10    Str: 13 (14) XL:     5   Next: 44%
Magic:  5/5        EV: 10    Int:  8 (10) God:
Gold:   139        SH:  0    Dex: 14 (15) Spells: 4/4 levels left

rFire   . . .        Y - +0 shortbow
rCold   . . .        (shield currently unavailable)
rNeg    + . .        i - +0 ring mail
rPois   inf          (no helmet)
rElec   +            e - +0 cloak
rCorr   .            (no gloves)
SInv    .            (no boots)
Will    .....        (no amulet)
Stlth   +            (no ring)
HPRegen 0.25/turn    (no ring)
MPRegen 0.09/turn

%: no passive effects
@: slowed, very slow
A: sickness immunity, AC +4, negative energy resistance 1, electricity
resistance, torment resistance 1, petrification resistance
a: no special abilities


You were on level 3 of the Dungeon.
You visited 1 branch of the dungeon, and saw 3 of its levels.

You collected 139 gold pieces.


Innate Abilities, Weirdness & Mutations

You are immune to sickness and miasma.
Your stone body is resilient. (AC +4)
You are immune to poison.
You resist negative energy. (rN+)
You are resistant to electric shocks. (rElec)
You are resistant to unholy torment.
You are immune to petrification.


   Skills:
 + Level 3.1 Fighting
 - Level 6.0 Ranged Weapons
 - Level 1.0 Armour
 - Level 1.5 Dodging
 - Level 1.1 Stealth


You had 4 spell levels left.
You didn't know any spells.
Your spell library was empty.

Inventory:

Hand Weapons
 Y - a +0 shortbow (weapon)
Armour
 b - a +0 pair of gloves
 e - a +0 cloak (worn)
 i - a +0 ring mail (worn)
Jewellery
 a - a +6 ring of intelligence
 d - a ring of ice
Scrolls
 f - 2 scrolls of identify
Potions
 l - a potion of berserk rage {unknown}
 m - a potion of curing {unknown}
 n - a potion of invisibility {unknown}

Dungeon Overview and Level Annotations

Branches:
Dungeon (3/15)

Altars:
Wu Jian

Annotations:
D:3 Natasha


Message History

You shoot an arrow.
The arrow hits Natasha but does no damage.
Natasha claws you but does no damage.
The cerulean imp hits you but does no damage.
You shoot an arrow. The arrow closely misses Natasha.
Natasha closely misses you.
The cerulean imp hits you from afar with a +4 spear.
You shoot an arrow.
The arrow hits Natasha but does no damage.
Natasha barely misses you.
The cerulean imp hits you from afar with a +4 spear.
You shoot an arrow.
The arrow hits Natasha but does no damage.
The cerulean imp disappears in a puff of smoke!
Natasha claws you. Natasha claws you but does no damage.
You shoot an arrow. The arrow closely misses Natasha.
Natasha stares at you and mumbles some strange words.
The magic dart hits you.
You shoot an arrow. The arrow barely misses Natasha.
Natasha barely misses you.
You shoot an arrow. The arrow hits Natasha.
Natasha is moderately wounded.
Natasha casts a spell at you.
You feel yourself slow down.
You shoot an arrow. The arrow hits Natasha.
Natasha is heavily wounded.
Natasha casts a spell at you.
You feel as though you will be slow longer.
Natasha barely misses you.
You shoot an arrow. The arrow hits Natasha.
Natasha is severely wounded.
Natasha casts a spell.
Natasha barely misses you.
You shoot an arrow.
The arrow hits Natasha but does no damage.
Natasha is severely wounded.
Natasha stares at you and mumbles some strange words.
The magic dart hits you!
You die...
Natasha curls up and begins to purr.

## #.. ..... #.# .....
##.##..... .........
..#..... # ###....... #
####..h5# # #..#..@.# #
#.....### # #.......#### #
###.#...#..# #######+#
#....####..# #........
####....#.....####........
#...#.###.....'..+........
#.......#.....####........
###.....####'## #....:...


You could see Natasha and a cerulean imp (summoned).

Vanquished Creatures
  An orc wizard (D:3)
  Terence (D:2)
  4 adders
  A worm (D:2)
  A dart slug (D:1)
  4 orcs (D:3)
  3 ball pythons
  13 endoplasms
  3 giant cockroaches
  7 goblins
  9 hobgoblins
  2 jackals (D:1)
  5 kobolds
  A quokka (D:1)
  5 bats
  4 rats
64 creatures vanquished.

Notes
Turn   | Place    | Note
-------+----------+-------------------------------------------
     0 | D:1      | qw the Gargoyle Hunter began the quest for the Orb.
     0 | D:1      | Reached XP level 1. HP: 12/12 MP: 1/1
     0 | D:1      | 0 ||| qw: Version: 0.3-a-76-g4403597
     0 | D:1      | 0 ||| qw: Game counter: 1121
     0 | D:1      | 0 ||| qw: Melee chars always use a shield: true
     0 | D:1      | 0 ||| qw: God list: Okawaru
     0 | D:1      | 0 ||| qw: Allow faded altars: false
     0 | D:1      | 0 ||| qw: Do Orc after clearing Dungeon:15 true
     0 | D:1      | 0 ||| qw: Do second Lair branch before Depths: true
     0 | D:1      | 0 ||| qw: Lair rune preference: random
     0 | D:1      | 0 ||| qw: Goals: Normal
     0 | D:1      | 0 ||| PLANNING D:1-11
   101 | D:1      | Reached XP level 2. HP: 17/17 MP: 2/2
   242 | D:1      | Reached XP level 3. HP: 21/21 MP: 3/3
   288 | D:1      | Reached skill level 5 in Ranged Weapons
   625 | D:1      | 625 ||| UPGRADING to +0 ring mail.
   635 | D:1      | 635 ||| DROPPING +0 leather armour.
   636 | D:1      | 636 ||| READING scroll labelled WEJEUWKEARCH.
   637 | D:1      | 637 ||| READING scroll labelled AZXEBE HUMOA.
   638 | D:1      | 638 ||| READING scroll labelled RIZIECOQOI.
   639 | D:1      | 639 ||| READING scroll labelled SAOBOA DEGHO.
   643 | D:1      | 643 ||| READING scroll labelled ISSARA NOD.
   644 | D:1      | 644 ||| DROPPING scroll of butterflies.
   754 | D:2      | Reached skill level 1 in Armour
   948 | D:2      | Reached skill level 3 in Fighting
   948 | D:2      | Reached XP level 4. HP: 26/28 MP: 4/4
  1157 | D:2      | Noticed Terence
  1168 | D:2      | Killed Terence
  1642 | D:2      | Reached XP level 5. HP: 32/32 MP: 5/5
  1732 | D:2      | 1732 ||| UPGRADING to +0 cloak.
  1737 | D:2      | 1737 ||| DROPPING ring of flight.
  1738 | D:2      | 1738 ||| READING scroll labelled ACIAJU DAIHO.
  1739 | D:2      | 1739 ||| READING scroll labelled ZOAZXU RUFASID.
  1740 | D:2      | 1740 ||| READING scroll labelled CASHIO PINN.
  1741 | D:2      | 1741 ||| READING scroll labelled ROSYIH BYSHYDDI.
  1742 | D:2      | 1742 ||| DRINKING 2 ruby potions.
  1743 | D:2      | 1743 ||| READING 2 scrolls of identify.
  1743 | D:2      | 1743 ||| IDENTIFYING orange potion
  1744 | D:2      | 1744 ||| DROPPING potion of degeneration.
  1745 | D:2      | 1745 ||| DROPPING potion of lignification.
  1880 | D:3      | Reached skill level 6 in Ranged Weapons
  1951 | D:3      | Found an ornate altar of the Wu Jian Council.
  2071 | D:3      | Noticed Natasha
  2072 | D:3      | 2072 ||| Stepping ~*~*~tactically~*~*~ (outnumbered).
  2081 | D:3      | HP: 7/32 [cerulean imp/+4 spear[Natasha] (3)]
  2088 | D:3      | Killed from afar by Natasha

Levels and vault maps discovered:
D:1:      evilmike_arrival_rings, layout_rooms
D:2:      kennysheep_six_static_rooms, layout_loops_corners, minmay_hedge_maze,
          uniq_terence
D:3:      layout_basic, fedhas_altar_4, nicolae_wu_jian_wuxing_cycle,
          hangedman_decor_push, uniq_natasha, uniq_grinder

Skill      XL: |  1  2  3  4  5 |
---------------+----------------+-----
Ranged Weapons | 5 6 |  6.0
Armour         | 1 |  1.0
Fighting       | 3 |  3.1
Dodging        | |  1.5
Stealth        | |  1.1

Action                     |  1- 3 |  4- 6 || total
---------------------------+-------+-------++-------
   Fire: Shortbow          |   121 |   116 ||   237
    Use: Scroll            |     5 |     5 ||    10
         Potion            |       |     1 ||     1
 Armour: Leather armour    |    30 |       ||    30
         Ring mail         |    13 |    51 ||    64
  Dodge: Dodged            |    45 |    37 ||    82

Table legend:
 A = Non-vault XP
 B = Vault XP
 C = Vault XP percentage of total XP
 D = Non-vault monster count
 E = Vault monster count
 F = Vault count percentage of total count
                 A         B        C        D         E       F
            +---------+---------+-------+---------+---------+-------
      Total |     180 |      53 |  22.7 |      57 |       7 |  10.9
            +---------+---------+-------+---------+---------+-------
        D:1 |      45 |       0 |   0.0 |      24 |       0 |   0.0
        D:2 |      68 |      53 |  43.8 |      24 |       7 |  22.6
        D:3 |      67 |       0 |   0.0 |       9 |       0 |   0.0
            +---------+---------+-------+---------+---------+-------
